Map: 버밀리언의 특종

Players

테라진

  • Race: Zerg Zerg
  • Spawn Location: 11:00

Nova

  • Race: Terran Terran
  • Spawn Location: 11:00

VOD

Have the link to the VOD?

Description

Time

  • Played on: Sept. 18, 2017, 7:48 a.m.
  • Length: 24:11
Show
View Real Time Build Order
Export as new Build Order

테라진 Zerg 

Build Orders:  

Get SALT Encoding   

  6  0:11  Drone x2  
  6  0:18  Drone x2  
  8  0:28  Drone x2  
  9  0:37  Drone x2  
  10  0:45  Drone x2  
  11  0:54  Drone x2  
  12  1:04  Drone x2  
  13  1:13  Drone x2  
  13  1:17  Extractor  
  13  1:19  Extractor  
  13  1:20  Drone x2  
  14  1:31  Overlord  
  14  1:49  Spawning Pool  
  13  1:57  Drone x2  
  13  1:59  Drone x2  
  15  2:05  Centrifical Hooks  
  15  2:21  Baneling Nest  
  15  2:36  Metabolic Boost  
  15  2:46  Evolution Chamber  
  15  2:47  Drone x2  
  15  2:49  Overlord  
  15  3:10  Drone x2  
  16  3:27  Heroic Fortitude  
  18  3:36  Drone x2  
  19  3:47  Lair  
  21  4:08  Overlord  
  21  4:17  Swarmling x15  
  27  4:58  Swarmling x12  
  33  5:38  Hatchery  
  33  5:39  Extractor  
  34  6:01  Drone x2  
  34  6:09  Hive  
  35  6:11  Medusa Blades  
  35  6:12  Corrosive Acid  
  35  6:36  Extractor  
  34  6:42  Drone x2  
  35  6:59  Scourge Nest  
  37  7:02  Evolution Chamber  
  37  7:04  Drone x4  
  38  7:15  Drone x2  
  41  7:42  Drone x2  
  41  7:43  Drone x2  
  43  7:50  Hatchery  
  43  7:56  Hatchery  
  43  8:00  Hatchery  
  43  8:04  Zerg Melee Weapons Level 1  
  43  8:05  Zerg Ground Armor Level 1  
  43  8:26  Hatchery  
  34  8:42  Swarmling x18  
  35  9:03  Simplified Genome  
  35  9:08  Swarmling x3  
  35  9:09  Swarmling x6  
  39  9:23  Drone x6  
  44  9:37  Roach x12  
  44  9:38  Roach x8  
  44  9:47  Baneling Nest  
  43  9:56  Drone x4  
  45  10:03  Virulent Spores  
  45  10:09  Hardened Carapace  
  42  10:35  Scourge x24  
  56  10:57  Rupture  
  54  11:03  Zerg Ground Armor Level 2, Zerg Melee Weapons Level 2  
  54  11:09  Adrenal Overload  
  50  11:29  Swarmling x18  
  53  12:02  Swarmling x3  
  53  12:03  Swarmling x27  
  53  12:09  Shredding Claws  
  56  12:12  Swarmling x3  
  56  12:13  Swarmling x21  
  56  12:18  Zerg Flyer Weapons Level 1  
  68  12:43  Overlord  
  68  13:20  Scourge x2  
  68  13:21  Scourge x12  
  68  13:25  Overlord x5  
  68  13:26  Overlord  
  72  13:49  Roach x14  
  84  13:50  Roach x6  
  74  14:35  Swarmling x18  
  91  15:00  Aberration x4  
  66  15:01  Swarmling x3  
  66  15:02  Swarmling x36  
  66  15:03  Swarmling x6  
  99  15:21  Overlord x3, Swarmling x3  
  77  15:41  Scourge Nest  
  77  15:43  Drone x2  
  77  15:50  Swarmling x12  
  77  15:51  Swarmling x33  
  74  16:17  Swarmling x18  
  70  16:57  Swarmling x18  
  70  16:58  Swarmling x9, Scourge x28  
  70  16:59  Scourge x10  
  100  17:09  Scourge x14  
  88  17:20  Roach x8  
  88  17:21  Roach x12  
  71  18:01  Zerg Ground Armor Level 3, Zerg Melee Weapons Level 3  
  71  18:05  Zerg Flyer Weapons Level 2  
  73  18:12  Scourge x10  
  73  18:13  Scourge x12  
  84  18:25  Swarmling x3  
  84  18:26  Swarmling x12  
  76  18:41  Swarmling x33  
  76  18:42  Swarmling x24  
  87  18:56  Swarmling x3  
  87  18:57  Swarmling x33  
  93  19:08  Swarmling x3  
  93  19:09  Swarmling x9  
  86  20:13  Scourge x2  
  86  20:14  Scourge x12  
  86  20:15  Scourge x2  
  86  20:16  Scourge x30  
  96  20:27  Roach x10, Swarmling x15  
  96  20:28  Roach x10  
  100  20:30  Scourge x2  
  28  21:21  Swarmling x30  
  28  21:22  Swarmling x39  
  64  21:51  Swarmling x3  
  64  21:52  Swarmling x24, Scourge x12  
  53  22:32  Swarmling x12  
  53  22:33  Swarmling x21  
  68  22:44  Aberration  
  68  22:45  Aberration x4  
  68  22:46  Aberration x5  
  68  22:47  Aberration  
  68  23:05  Swarmling x3  
  68  23:06  Swarmling x30  
Show
View Real Time Build Order
Export as new Build Order

Nova Terran 

Build Orders:  

Get SALT Encoding   

Tags
 
Add a new tag
Caveats
  • Supply blocks, unpowered buildings, or Contaminate may cause inaccurate times.
  • Supply counts are checked every 10 seconds.